Map: Kairos Junction LE

Players

Parkkatz

  • Race: Zerg Zerg
  • League: Platinum
  • Spawn Location: 5:00

Arob - Winner!

  • Race: Protoss Protoss
  • League: Platinum
  • Spawn Location: 11:00

VOD

Have the link to the VOD?

Description

Time

  • Played on: June 30, 2019, 11:28 a.m.
  • Length: 5:11
Show
View Real Time Build Order
Export as new Build Order

Parkkatz Zerg 

Build Orders: Hatch First 

Get SALT Encoding   

  12  0:01  Drone  
  13  0:12  Overlord  
  13  0:17  Drone  
  14  0:30  Drone x2  
  14  0:35  Drone  
  17  0:55  Hatchery  
  17  0:57  Drone  
  17  1:10  Spawning Pool  
  16  1:12  Drone  
  17  1:20  Drone  
  17  1:21  Drone  
  19  1:26  Extractor  
  19  1:30  Drone  
  19  1:41  Overlord  
  19  1:57  Queen  
  19  1:59  Zergling x2  
  22  2:01  Zergling x2  
  22  2:07  Queen  
  25  2:09  Zergling x2  
  25  2:11  Drone  
  27  2:25  Metabolic Boost  
  27  2:28  Drone x2  
  29  2:36  Zergling x2  
  31  2:37  Zergling x2  
  31  2:46  Drone  
  31  2:47  Drone  
  33  3:04  Overlord x2  
  32  3:22  Queen x2  
  35  3:30  Drone x4  
  35  3:31  Drone x5  
  44  3:35  Extractor  
  42  3:54  Overlord x2  
  40  4:03  Hatchery  
  40  4:06  Baneling Nest  
  38  4:12  Zergling x2  
  38  4:13  Zergling x10  
  38  4:14  Zergling x2  
  45  4:20  Overlord  
  45  4:26  Drone x2, Roach Warren  
  45  4:28  Zergling x4  
  47  4:41  Drone, Spine Crawler  
  47  4:42  Drone x2  
  49  4:47  Spine Crawler  
  49  4:50  Zergling x2  
  49  4:51  Zergling x10  
Show
View Real Time Build Order
Export as new Build Order

Arob Protoss - Winner!

Build Orders: Oracle Opening 

Get SALT Encoding   

  12  0:01  Probe  
  13  0:13  Probe  
  14  0:25  Probe  
  14  0:26  Pylon  
  15  0:37  Assimilator  
  15  0:43  Probe  
  15  0:45  Gateway  
  16  0:51  Probe  
  17  0:59  Probe  
  18  1:09  Pylon  
  18  1:13  Gateway, Probe  
  19  1:21  Probe  
  20  1:28  Assimilator  
  20  1:36  Cybernetics Core  
  20  1:43  Zealot  
  22  1:54  Warp Gate  
  22  2:03  Gateway  
  22  2:15  Stalker  
  24  2:16  Stalker  
  26  2:25  Probe  
  27  2:33  Pylon  
  27  2:37  Probe  
  28  2:54  Stargate  
  28  2:56  Sentry  
  28  2:57  Zealot  
  32  3:01  Zealot  
  32  3:04  Probe  
  35  3:16  Probe  
  36  3:40  Pylon  
  36  3:43  Zealot  
  38  3:51  Oracle, Pylon  
  38  3:57  Pylon  
  41  4:06  Stalker  
  41  4:07  Zealot, Sentry  
  47  4:28  Stalker  
  47  4:29  Stalker  
  47  4:31  Zealot  
  51  5:06  Stalker x3  
Tags
 
Add a new tag
Caveats
  • Supply blocks, unpowered buildings, or Contaminate may cause inaccurate times.
  • Supply counts are checked every 10 seconds.